PL
ATHLETIC CLUB KC @ NEW ORLEANS VOODOO
08/19/2050
 
TOP OF THE 1ST
Athletic Club KC batting - Pitching for New Orleans Voodoo : LHP Huibert Illidge
Pitching: LHP Huibert Illidge
Batting: LHB Ethan Duffy 0-0: Ball
1-0: Ground out 5-3 (Groundball, 56S, EV 74.4 MPH)
Batting: RHB Omar Luoa 0-0: Ball
1-0: DOUBLE (Line Drive, 3D, EV 101.9 MPH)
Batting: SHB Tosya Mndoyants 0-0: Swinging Strike
0-1: Foul Ball, location: 2F
0-2: Ball
1-2: Strikes out looking
Batting: RHB Pedro Píaz 0-0: Ball
1-0: Ball
2-0: Swinging Strike
2-1: Called Strike
2-2: Foul Ball, location: 2F
2-2: Strikes out swinging
Top of the 1st over - 0 runs, 1 hit, 0 errors, 1 left on base; Athletic Club KC 0 - New Orleans 0
BOTTOM OF THE 1ST
New Orleans Voodoo batting - Pitching for Athletic Club KC : RHP Bobby Bowles
Pitching: RHP Bobby Bowles
Batting: LHB Brad Stannard 0-0: Ball
1-0: Ball
2-0: Ball
3-0: Ground out 4-3 (Groundball, 34, EV 99.4 MPH)
Batting: RHB Obke Veenman 0-0: Foul Ball, location: 2F
0-1: Foul Ball, location: 2F
0-2: Ball
1-2: Foul Ball, location: 2F
1-2: Ball
2-2: Ground out 6-3 (Groundball, 56D, EV 86.2 MPH)
Batting: LHB Michizane Yamashita 0-0: Fly out, F8 (Flyball, 8LD, EV 91.2 MPH)
Bottom of the 1st over - 0 runs, 0 hits, 0 errors, 0 left on base; Athletic Club KC 0 - New Orleans 0
TOP OF THE 2ND
Athletic Club KC batting - Pitching for New Orleans Voodoo : LHP Huibert Illidge
Batting: RHB Benigno Bachelay 0-0: Ball
1-0: Fly out, F9 (Line Drive, 89S, EV 89.4 MPH)
Batting: LHB Tony Wonder 0-0: Foul Ball, location: 2F
0-1: Ball
1-1: Foul Ball, location: 2F
1-2: Ball
2-2: Foul Ball, location: 2F
2-2: SINGLE (Line Drive, 8RS, EV 94.4 MPH)
Batting: RHB Claudio Ynegas 0-0: Fly out, F9 (Line Drive, 9S, EV 92.5 MPH)
Batting: LHB Gary Noke 0-0: Called Strike
0-1: Swinging Strike
0-2: Foul Ball, location: 2F
0-2: Ball
1-2: Foul Ball, location: 2F
1-2: Strikes out swinging
Top of the 2nd over - 0 runs, 1 hit, 0 errors, 1 left on base; Athletic Club KC 0 - New Orleans 0
BOTTOM OF THE 2ND
New Orleans Voodoo batting - Pitching for Athletic Club KC : RHP Bobby Bowles
Batting: RHB Francisco De La Cruz 0-0: Ball
1-0: Swinging Strike
1-1: Ground out 5-3 (Groundball, 56, EV 92.5 MPH)
Batting: SHB Kolby Hay 0-0: Swinging Strike
0-1: Foul Ball, location: 2F
0-2: Foul Ball, location: 2F
0-2: Strikes out looking
Batting: RHB Al Custello 0-0: Ball
1-0: Called Strike
1-1: Fly out, F6 (Line Drive, 6D, EV 72.5 MPH)
Bottom of the 2nd over - 0 runs, 0 hits, 0 errors, 0 left on base; Athletic Club KC 0 - New Orleans 0
TOP OF THE 3RD
Athletic Club KC batting - Pitching for New Orleans Voodoo : LHP Huibert Illidge
Batting: RHB Johan Møller 0-0: Ball
1-0: Ball
2-0: Fly out, F7 (Line Drive, 7S, EV 108.8 MPH)
Batting: LHB Ethan Duffy 0-0: Called Strike
0-1: Ball
1-1: Fly out, F9 (Flyball, 9S, EV 90.6 MPH)
Batting: RHB Omar Luoa 0-0: Foul Ball, location: 2F
0-1: Ball
1-1: Ground out 5-3 (Groundball, 56, EV 109.4 MPH)
Top of the 3rd over - 0 runs, 0 hits, 0 errors, 0 left on base; Athletic Club KC 0 - New Orleans 0
BOTTOM OF THE 3RD
New Orleans Voodoo batting - Pitching for Athletic Club KC : RHP Bobby Bowles
Batting: RHB Pedro Ramos 0-0: Ground out 1-3 (Groundball, P, EV 68.8 MPH)
Batting: RHB Pancho Hernández 0-0: Ball
1-0: Ball
2-0: Foul Ball, location: 2F
2-1: Called Strike
2-2: Strikes out swinging
Batting: RHB Anthony Roosemont 0-0: Foul Ball, location: 2F
0-1: Ball
1-1: Called Strike
1-2: SINGLE (Line Drive, 34, EV 93.8 MPH)
Batting: LHB Brad Stannard 0-0: Ground out 4-3 (Groundball, 4, EV 110.0 MPH)
Bottom of the 3rd over - 0 runs, 1 hit, 0 errors, 1 left on base; Athletic Club KC 0 - New Orleans 0
TOP OF THE 4TH
Athletic Club KC batting - Pitching for New Orleans Voodoo : LHP Huibert Illidge
Batting: SHB Tosya Mndoyants 0-0: SINGLE (Line Drive, 89S, EV 103.1 MPH)
Batting: RHB Pedro Píaz 0-0: Called Strike
0-1: Called Strike
0-2: Fly out, F8 (Line Drive, 8RD, EV 105.0 MPH)
Batting: RHB Benigno Bachelay 0-0: Called Strike
0-1: Fielders Choice at 2nd, 5-4 (Groundball, 56, EV 83.1 MPH)
Batting: LHB Tony Wonder 0-0: Ball
1-0: Called Strike
1-1: Ball
2-1: Ball
3-1: Base on Balls
Benigno Bachelay to second
Batting: RHB Claudio Ynegas 0-0: Fly out, F7 (Line Drive, 7, EV 93.1 MPH)
Top of the 4th over - 0 runs, 1 hit, 0 errors, 2 left on base; Athletic Club KC 0 - New Orleans 0
BOTTOM OF THE 4TH
New Orleans Voodoo batting - Pitching for Athletic Club KC : RHP Bobby Bowles
Batting: RHB Obke Veenman 0-0: Ball
1-0: Ball
2-0: Called Strike
2-1: Called Strike
2-2: Ball
3-2: Foul Ball, location: 2F
3-2: Foul Ball, location: 2F
3-2: Ground out 4-3 (Groundball, 4, EV 86.9 MPH)
Batting: LHB Michizane Yamashita 0-0: Hit by Pitch
Batting: RHB Francisco De La Cruz 0-0: Called Strike
0-1: Called Strike
0-2: Grounds into double play, 5-4-3 (Groundball, 56, EV 86.9 MPH)
Bottom of the 4th over - 0 runs, 0 hits, 0 errors, 0 left on base; Athletic Club KC 0 - New Orleans 0
TOP OF THE 5TH
Athletic Club KC batting - Pitching for New Orleans Voodoo : LHP Huibert Illidge
Batting: LHB Gary Noke 0-0: Ball
1-0: Called Strike
1-1: Called Strike
1-2: Ground out 6-3 (Groundball, 4M, EV 106.2 MPH)
Batting: RHB Johan Møller 0-0: Called Strike
0-1: Ball
1-1: Foul Ball, location: 2F
1-2: Ball
2-2: Foul Ball, location: 2F
2-2: Strikes out looking
Batting: LHB Ethan Duffy 0-0: Fly out, F4 (Popup, 3D, EV 70.0 MPH)
Top of the 5th over - 0 runs, 0 hits, 0 errors, 0 left on base; Athletic Club KC 0 - New Orleans 0
BOTTOM OF THE 5TH
New Orleans Voodoo batting - Pitching for Athletic Club KC : RHP Bobby Bowles
Batting: SHB Kolby Hay 0-0: Called Strike
0-1: Fly out, F7 (Flyball, 78M, EV 92.5 MPH)
Batting: RHB Al Custello 0-0: Fly out, F7 (Flyball, 7D, EV 101.9 MPH)
Batting: RHB Pedro Ramos 0-0: Ball
1-0: Ball
2-0: Called Strike
2-1: Called Strike
2-2: Fly out, F8 (Flyball, 89M, EV 82.5 MPH)
Bottom of the 5th over - 0 runs, 0 hits, 0 errors, 0 left on base; Athletic Club KC 0 - New Orleans 0
TOP OF THE 6TH
Athletic Club KC batting - Pitching for New Orleans Voodoo : LHP Huibert Illidge
Batting: RHB Omar Luoa 0-0: DOUBLE (Line Drive, 7LM, EV 91.9 MPH)
Batting: SHB Tosya Mndoyants 0-0: Swinging Strike
0-1: Foul Ball, location: 2F
0-2: Foul Ball, location: 2F
0-2: Ball
1-2: Strikes out looking
Batting: RHB Pedro Píaz 0-0: SINGLE (Line Drive, 4MD, EV 98.1 MPH)
Omar Luoa to third
Runner from 3rd tries for Home, SAFE, throw by CF to home
Batting: RHB Benigno Bachelay 0-0: Fly out, F7 (Line Drive, 78M, EV 99.4 MPH)
Batting: LHB Tony Wonder 0-0: Fly out, F7 (Flyball, 7S, EV 82.5 MPH)
Top of the 6th over - 1 run, 2 hits, 0 errors, 1 left on base; Athletic Club KC 1 - New Orleans 0
BOTTOM OF THE 6TH
New Orleans Voodoo batting - Pitching for Athletic Club KC : RHP Bobby Bowles
Batting: RHB Pancho Hernández 0-0: Ball
1-0: Ball
2-0: Swinging Strike
2-1: Swinging Strike
2-2: Strikes out swinging
Batting: RHB Anthony Roosemont 0-0: Ball
1-0: Called Strike
1-1: Ball
2-1: Called Strike
2-2: Foul Ball, location: 2F
2-2: Fly out, F7 (Flyball, 78D, EV 83.8 MPH)
Batting: LHB Brad Stannard 0-0: Called Strike
0-1: Ball
1-1: Fly out, F7 (Flyball, 7D, EV 77.5 MPH)
Bottom of the 6th over - 0 runs, 0 hits, 0 errors, 0 left on base; Athletic Club KC 1 - New Orleans 0
TOP OF THE 7TH
Athletic Club KC batting - Pitching for New Orleans Voodoo : LHP Huibert Illidge
Batting: RHB Claudio Ynegas 0-0: Called Strike
0-1: Ball
1-1: Swinging Strike
1-2: Ball
2-2: Fly out, F8 (Line Drive, 8RD, EV 111.2 MPH)
Batting: LHB Gary Noke 0-0: Foul Ball, location: 2F
0-1: Foul Ball, location: 2F
0-2: Ball
1-2: Strikes out swinging
Batting: RHB Johan Møller 0-0: Called Strike
0-1: Foul Ball, location: 2F
0-2: Ball
1-2: Foul Ball, location: 2F
1-2: Ball
2-2: Fly out, F9 (Line Drive, 9S, EV 108.8 MPH)
Top of the 7th over - 0 runs, 0 hits, 0 errors, 0 left on base; Athletic Club KC 1 - New Orleans 0
BOTTOM OF THE 7TH
New Orleans Voodoo batting - Pitching for Athletic Club KC : RHP Bobby Bowles
Batting: RHB Obke Veenman 0-0: Called Strike
0-1: Ground out 4-3 (Groundball, 4, EV 100.0 MPH)
Batting: LHB Michizane Yamashita 0-0: Ball
1-0: Ball
2-0: SINGLE (Groundball, 4M, EV 108.1 MPH) (infield hit)
Batting: RHB Francisco De La Cruz 0-0: Called Strike
0-1: Called Strike
0-2: Strikes out swinging
Batting: SHB Kolby Hay 0-0: Called Strike
0-1: Ball
1-1: Swinging Strike
1-2: Fly out, F7 (Flyball, 7D, EV 93.1 MPH)
Bottom of the 7th over - 0 runs, 1 hit, 0 errors, 1 left on base; Athletic Club KC 1 - New Orleans 0
TOP OF THE 8TH
Athletic Club KC batting - Pitching for New Orleans Voodoo : LHP Huibert Illidge
Batting: LHB Ethan Duffy 0-0: Ball
1-0: Called Strike
1-1: Foul Ball, location: 2F
1-2: Fly out, F9 (Line Drive, 89M, EV 91.9 MPH)
Batting: RHB Omar Luoa 0-0: Called Strike
0-1: Ball
1-1: Foul Ball, location: 2F
1-2: Ball
2-2: Foul Ball, location: 2F
2-2: Foul Ball, location: 2F
2-2: Strikes out swinging
Batting: SHB Tosya Mndoyants 0-0: Ball
1-0: Ball
2-0: Called Strike
2-1: Foul Ball, location: 2F
2-2: Foul Ball, location: 2F
2-2: DOUBLE (Line Drive, 9LM, EV 100.0 MPH)
Pitching: LHP Shintaro Oyama
Batting: RHB Pedro Píaz 0-0: Foul Ball, location: 2F
0-1: Ball
1-1: Ball
2-1: Fly out, F7 (Line Drive, 7, EV 92.5 MPH)
Top of the 8th over - 0 runs, 1 hit, 0 errors, 1 left on base; Athletic Club KC 1 - New Orleans 0
BOTTOM OF THE 8TH
New Orleans Voodoo batting - Pitching for Athletic Club KC : RHP Bobby Bowles
Pinch Hitting: LHB Gökhan Özdemir 0-0: Swinging Strike
0-1: SINGLE (Groundball, 4MD, EV 96.9 MPH)
Pitching: RHP Norman Davis
Batting: RHB Pedro Ramos 0-0: Bunt missed!
0-1: Bunted foul
0-2: Ball
1-2: Ball
2-2: Ball
3-2: Foul Ball, location: 2F
3-2: Fly out, F7 (Flyball, 7D, EV 101.9 MPH)
Batting: RHB Pancho Hernández 0-0: Ball
1-0: Foul Ball, location: 2F
1-1: Called Strike
1-2: Reached on error, E5 (Groundball, 5L, EV 106.9 MPH)
Gökhan Özdemir to second
Pinch Runner at 2nd León García:
Batting: RHB Anthony Roosemont 0-0: Ball
1-0: Fly out, F7 (Flyball, 78D, EV 100.6 MPH)
Runner from 2nd tags up, SAFE at 3rd with throw by LF
Batting: LHB Brad Stannard 0-0: Foul Ball, location: 2F
0-1: Swinging Strike
0-2: Strikes out swinging
Bottom of the 8th over - 0 runs, 1 hit, 1 error, 2 left on base; Athletic Club KC 1 - New Orleans 0
TOP OF THE 9TH
Athletic Club KC batting - Pitching for New Orleans Voodoo : LHP Shintaro Oyama
Now at 3B: León García
Batting: RHB Benigno Bachelay 0-0: Ball
1-0: Called Strike
1-1: Ball
2-1: Swinging Strike
2-2: Strikes out looking
Batting: LHB Tony Wonder 0-0: Called Strike
0-1: Swinging Strike
0-2: SINGLE (Flyball, 7S, EV 95.0 MPH)
Batting: RHB Claudio Ynegas 0-0: Ball
1-0: Grounds into double play, 6-4-3 (Groundball, 6, EV 105.6 MPH)
Top of the 9th over - 0 runs, 1 hit, 0 errors, 0 left on base; Athletic Club KC 1 - New Orleans 0
BOTTOM OF THE 9TH
New Orleans Voodoo batting - Pitching for Athletic Club KC : RHP Norman Davis
Batting: RHB Obke Veenman 0-0: Called Strike
0-1: Called Strike
0-2: Ball
1-2: Foul Ball, location: 2F
1-2: Strikes out swinging
Batting: LHB Michizane Yamashita 0-0: Foul Ball, location: 2F
0-1: Foul Ball, location: 2F
0-2: Ball
1-2: Strikes out swinging
Pitching: LHP Bob Kelso
Batting: RHB Francisco De La Cruz 0-0: Ball
1-0: Ball
2-0: Called Strike
2-1: Fly out, F4 (Popup, 3S, EV 84.4 MPH)
Bottom of the 9th over - 0 runs, 0 hits, 0 errors, 0 left on base; Athletic Club KC 1 - New Orleans 0
Friday, March 31st , 2023 - OOTP Baseball 23.10 Build 110